 Dungeon Crawl Stone Soup version 0.31-a0-210-gccc998df9b (webtiles) character file.

Game seed: 3724490887384499752

18 coffeetime the Digger (level 2, 26/26 HPs)
             Began as a Troll Earth Elementalist on June 29, 2023.
             Was a Follower of Trog.
             Quit the game on level 1 of the Dungeon.
             The game lasted 00:02:15 (323 turns).

coffeetime the Digger (Troll Earth Elementalist)     Turns: 323, Time: 00:02:15

Health: 26/26      AC:  4    Str: 15    XL:     2   Next: 48%
Magic:  2/2        EV:  9    Int: 11    God:    Trog [*.....]
Gold:   91         SH:  0    Dex: 10    Spells: 2/3 levels left

rFire   . .          .
                       - Unarmed
rCold   . . .        (no shield)
rNeg    . . .        a - +0 robe
rPois   .            (helmet restricted)
rElec   .            (no cloak)
rCorr   .            (gloves unavailable)
SInv    .            (boots unavailable)
Will    .....        (no amulet)
Stlth   +            (no ring)
HPRegen 1.04/turn    (no ring)
MPRegen 0.08/turn

%: no passive effects
@: no status effects
A: large, unfitting armour, claws 3, regeneration 1, shaggy fur 1, tough skin 1
a: Renounce Religion, Berserk


You were on level 1 of the Dungeon.
You worshipped Trog.
Trog was aware of your devotion.
You visited 1 branch of the dungeon, and saw 1 of its levels.

You collected 91 gold pieces.

Inventory:

Missiles
 d - 10 stones
Armour
 a - a +0 robe (worn)
Scrolls
 c - 2 scrolls of revelation {unknown}
 e - a scroll of identify {unknown}
 f - a scroll of teleportation {unknown}
Potions
 b - a potion of magic
 g - a potion of invisibility {unknown}


   Skills:
 * Level 0.5 Fighting
 + Level 1.7 Dodging
 - Level 1.0 Stealth
 * Level 1.0 Unarmed Combat
 - Level 1.2 Spellcasting
 - Level 0.6 Transmutations
 - Level 3.0 Earth Magic


You had 2 spell levels left.
You knew the following spells:

 Your Spells              Type           Power      Damage    Failure   Level
a - Sandblast             Erth           14%        2d6       9%          1

Your spell library contained the following spells:

 Spells                   Type           Power      Damage    Failure   Level
 Passwall                 Tmut/Erth      3%         N/A       22%         2
 Stone Arrow              Conj/Erth      8%         3d7       45%         3
 Petrify                  Tmut/Erth      4%         N/A       83%         4


Dungeon Overview and Level Annotations

Branches:
Dungeon (1/15)

Altars:
Trog


Innate Abilities, Weirdness & Mutations

You are too large for most types of armour.
You have claws for hands.
Your natural rate of healing is unusually fast.
You are covered in fur. (AC +1)
You have tough skin. (AC +1)


Message History

The hobgoblin is lightly wounded.
The hobgoblin misses you.
You scratch the hobgoblin.
You kill the hobgoblin!
No target in view!
HP restored.
f - a scroll labelled WALEIR FUTHAVA You now have 59 gold pieces (gained 13).
You now have 70 gold pieces (gained 11).
You now have 79 gold pieces (gained 9).
d - 10 stones (gained 4)
You see here a +0 leather armour.
A kobold and a ball python come into view.
Found a fuming grey potion.
A rat comes into view.
Found a faded altar of an unknown god.
Found a spear.
The kobold shouts!
You scratch the kobold.
You kill the kobold!
Your Unarmed Combat skill increases to level 1!
Things that are here:
a +0 dagger; a kobold corpse The rat completely misses you.
You scratch the rat.
You kill the rat!
You claw the ball python!
You kill the ball python!
g - a fuming grey potion
Found 12 gold pieces.
You see here a +0 spear.
You now have 91 gold pieces (gained 12).
You open the door.
There is an open door here.
There is a faded altar of an unknown god here.
This altar belongs to (a) Nemelex Xobeh, (b) Trog or (c) Dithmenos, but you can't tell which.
Press the corresponding letter to learn more about a god, or press enter to convert or escape to cancel.
Trog accepts your prayer! Trog welcomes you!
You can now go berserk at will.
Are you sure you want to abandon this character and quit the game? (Confirm with "yes".)

...#### #.# #.### # ..##
#########.# ### # ..#
#.........### # ..#
#.......≈≈~≈###
..#####......~~~~~≈≈≈###
...........≈~≈≈≈≈≈≈≈≈...
.###....≈≈~≈≈≈≈≈≈~~#
#...~≈≈~#####≈≈≈##
#...≈≈≈≈#.@.#≈≈≈≈#
#...~≈≈≈#._.#≈≈≈≈#
##)#~≈≈≈#...#≈≈≈≈#
#.#≈≈≈≈##'##≈≈≈##
#..#≈≈≈##.#≈≈≈≈#
##..#≈≈≈#..~≈≈##
##..~≈###.##≈#
##.......# #########


There were no monsters in sight!

Vanquished Creatures
  A dart slug (D:1)
  2 ball pythons (D:1)
  3 bats (D:1)
  An endoplasm (D:1)
  3 hobgoblins (D:1)
  2 kobolds (D:1)
  3 rats (D:1)
15 creatures vanquished.

Notes
Turn   | Place    | Note
-------+----------+-------------------------------------------
     0 | D:1      | coffeetime the Troll Earth Elementalist began the quest for
                  | the Orb.
     0 | D:1      | Reached XP level 1. HP: 16/16 MP: 1/1
   101 | D:1      | Reached XP level 2. HP: 26/26 MP: 2/2
   105 | D:1      | Reached skill level 3 in Earth Magic
   273 | D:1      | Found a faded altar of an unknown god.
   285 | D:1      | Reached skill level 1 in Unarmed Combat
   321 | D:1      | Prayed at the altar of an unknown god.
   321 | D:1      | Became a worshipper of Trog the Wrathful
   321 | D:1      | Reached * piety under Trog
   323 | D:1      | Quit the game

Illustrated notes

Levels and vault maps discovered:
D:1:      scummos_arrival_gate, layout_rooms, nicolae_ecumenical_lake_church,
          minmay_misc_feat_chi

Skill      XL: |  1  2 |
---------------+-------+-----
Earth Magic    | 3 |  3.0
Unarmed Combat | 1 |  1.0
Fighting       | |  0.5
Dodging        | |  1.7
Stealth        | |  1.0
Spellcasting   | |  1.2
Transmutations | |  0.6

Action                     || total
---------------------------++-------
  Melee: Unarmed           ||    42
 Armour: Robe              ||    19
  Dodge: Dodged            ||    33

Table legend: (Time is in decaauts)
 A = Elapsed time spent in this place.
 B = Non-inter-level travel time spent in this place.
 C = Inter-level travel time spent in this place.
 D = Time resting spent in this place.
 E = Time spent auto-exploring this place.
 F = Levels seen in this place.
 G = Mean time per level.
                   A        B        C        D        E       F      G
               +--------+--------+--------+--------+--------+-----+--------+
         Total |    322 |    301 |     21 |      0 |    201 |   1 |  322.0 |
       Dungeon |    322 |    301 |     21 |      0 |    201 |   1 |  322.0 |
               +--------+--------+--------+--------+--------+-----+--------+

Top non-repeatable levels by time:
     D:1: 322 daAuts
